 Dungeon Crawl Stone Soup version 0.32-a0-361-g289a535e89 (webtiles) character file.

Game seed: 2348748428510216185

42430 greenreed the Fighter (level 14, -9/121 HPs)
             Began as a Coglin Berserker on Feb 19, 2024.
             Was the Champion of Trog.
             Mangled by a cyan ugly thing (14 damage)
             ... on level 14 of the Dungeon.
             The game lasted 00:37:43 (15362 turns).

greenreed the Fighter (Coglin Berserker)           Turns: 15362, Time: 00:37:45

Health: -9/121     AC: 28    Str: 24    XL:     14   Next: 19%
Magic:  23/23      EV:  7    Int:  6    God:    Trog [******]
Gold:   787        SH:  0    Dex: 13    Spells: 13/13 levels left

rFire   + + .        L - +5 war axe "Sybew" {freeze, rF+}
rCold   + . .        K - +2 whip (elec) {Gloria}
rNeg    . . .        P - +2 crystal plate armour {rC+}
rPois   +            E - +0 helmet
rElec   .            w - +1 cloak {rPois}
rCorr   .            f - +0 pair of gloves
SInv    +            (no boots)
Will    +....        (no amulet) Stlth
                     h - ring of flight
HPRegen 0.40/turn    S - ring of Woqiz {rF+ MP+9}
MPRegen 0.18/turn

%: no passive effects
@: flying, revving, stiff-legged, very slow
A: off-hand wielding, slow wielding, warmup strikes, warmup strides, see
invisible, shaggy fur 1
a: Renounce Religion, Berserk, Trog's Hand, Brothers in Arms


You were on level 14 of the Dungeon.
You worshipped Trog.
Trog was exalted by your worship.
You visited 2 branches of the dungeon, and saw 15 of its levels.
You also visited: Ice Cave.

You collected 1043 gold pieces.
You spent 256 gold pieces at shops.

Inventory:

Hand Weapons
 D - a +0 whip of flaming {Jihoo}
 K - a +2 whip of electrocution (worn) {Gloria}
 L - the +5 war axe "Sybew" (weapon) {freeze, rF+}
   (You found it on level 10 of the Dungeon)

   rF+:       It protects you from fire.
Missiles
 b - 6 curare-tipped darts (quivered)
 G - 2 throwing nets
Armour
 f - a +0 pair of gloves (worn)
 w - a +1 cloak of poison resistance (worn)
 E - a +0 helmet (worn)
 P - a +2 crystal plate armour of cold resistance (worn)
Jewellery
 a - a +5 ring of evasion
 h - a ring of flight (left grasper)
 k - a +6 ring of intelligence
 B - a ring of resist corrosion
 H - a ring of protection from cold
 R - a ring of protection from cold
 S - the ring of Woqiz (right grasper) {rF+ MP+9}
   (You found it in an ice cave)

   [ring of magical power]

   rF+:       It protects you from fire.
   MP+9:      It affects your magic capacity (+9).
Wands
 A - a wand of roots (6)
 C - a wand of flame (74)
 T - a wand of paralysis (14)
Scrolls
 d - 2 scrolls of immolation {unknown}
 e - 4 scrolls of teleportation {unknown}
 i - 2 scrolls of amnesia {unknown}
 j - a scroll of silence {unknown}
 l - 2 scrolls of blinking {unknown}
 p - a scroll of brand weapon {unknown}
 t - 5 scrolls of identify {unknown}
 u - 3 scrolls of vulnerability {unknown}
 v - a scroll of noise {unknown}
 x - 4 scrolls of fear {unknown}
 y - a scroll of torment {unknown}
 z - 3 scrolls of poison {unknown}
 F - 2 scrolls of enchant weapon {unknown}
 O - a scroll of revelation {unknown}
 Q - a scroll of summoning {unknown}
 U - a scroll of enchant armour {unknown}
Potions
 c - 2 potions of enlightenment {unknown}
 g - 2 potions of heal wounds {unknown}
 m - a potion of might {unknown}
 n - 3 potions of haste {unknown}
 o - 6 potions of curing {unknown}
 q - a potion of magic {unknown}
 r - a potion of cancellation {unknown}
 s - 4 potions of mutation
 I - a potion of invisibility {unknown}
 J - 3 potions of degeneration {unknown}
 M - a potion of ambrosia {unknown}
 N - a potion of resistance {unknown}
 V - a potion of brilliance {unknown}


   Skills:
 * Level 14.5 Fighting
 * Level 14.5 Axes
 + Level 9.3 Armour
 + Level 9.3 Dodging


You had 13 spell levels left.
You didn't know any spells.
Your spell library was empty.

Dungeon Overview and Level Annotations

Branches:
Dungeon (14/15)            Temple (1/1) D:4            Lair (0/5) D:11
    Orc (0/2) D:12         Vaults (0/5) D:13          IceCv (visited)

Altars:
Ashenzari
Cheibriados
Dithmenos
Elyvilon
Fedhas
Gozag
Hepliaklqana
Kikubaaqudgha
Makhleb
Nemelex Xobeh
Okawaru
Qazlal
Ru
Sif Muna
Trog
Uskayaw
Vehumet
Wu Jian
Xom
Yredelemnul
Zin
The Shining One

Shops:
D:8 [   D:10 (   D:14 [

Annotations:
D:4 1 runed translucent door, Juicyj's ghost, novice MDMo


Innate Abilities, Weirdness & Mutations

You can wield a second weapon in your off-hand.
It takes a long time for you to wield or remove held weapons.
Your first few attacks do less damage.
Your first movements take longer.
You have supernaturally acute eyesight. (SInv)
You are covered in fur. (AC +1)


Message History

Aiming: Fastroot
Press: ? - help, Shift-Dir - straight line, f - cyan ugly thing
Aim: a cyan ugly thing (moderately wounded)
The roots erupt in riotous growth!
Roots grab the cyan ugly thing. x2; Roots grab the green ugly thing.
Roots grab the tengu warrior.
The grasping roots constrict the tengu warrior.
The grasping roots constrict the cyan ugly thing.
The grasping roots constrict the green ugly thing.
The grasping roots constrict the cyan ugly thing.
The green ugly thing trunk-slaps you but does no damage.
The tengu warrior hits you with a +0 long sword!
The tengu warrior pecks you but does no damage.
The tengu warrior claws you but does no damage.
The cyan ugly thing punches you.
* * * LOW HITPOINT WARNING * * *
The cyan ugly thing shocks you!
* * * LOW HITPOINT WARNING * * *
The cyan ugly thing barely misses you.
Unknown command.
Unknown command.
It was a potion of mutation.
You feel extremely strange. Fur sprouts all over your body.
Your vision sharpens.
The grasping roots constrict the tengu warrior.
The grasping roots constrict the cyan ugly thing.
The grasping roots constrict the green ugly thing.
The grasping roots constrict the cyan ugly thing.
The roots release their grip on the tengu warrior.
The roots release their grip on the cyan ugly thing.
The roots release their grip on the green ugly thing.
The roots release their grip on the cyan ugly thing.
The green ugly thing trunk-slaps you but does no damage.
The tengu warrior hits you with a +0 long sword.
* * * LOW HITPOINT WARNING * * *
The tengu warrior pecks you but does no damage.
The tengu warrior claws you but does no damage.
The cyan ugly thing punches you!
* * * LOW HITPOINT WARNING * * *
The cyan ugly thing shocks you!
You die...

..#########.........#
..# #.........# ..#
#.........# ..#
#.........# ..#
#.........# ..#
#...$.....# ..#
#.........#
#.........#
#....†@Q..#
#....uuu..#
#.........#
#.........#
#...[.......
#............
#.............
#..#####......


You could see 3 ugly things and a tengu warrior.

Vanquished Creatures
  3 vault guards (D:13)
  Erolcha (D:9)
  Erica (D:9)
  2 ironbound frosthearts (IceCv)
  2 two-headed ogres (D:13)
  6 centaur warriors
  4 boulder beetles
  4 death yaks (IceCv)
  2 arcanists (D:13)
  Pikel (D:7)
  2 necromancers (D:13)
  8 ugly things
  2 deep elf pyromancers (D:13)
  A cyclops (D:13)
  Maurice (D:12)
  An unseen horror (D:12)
  An ice statue (IceCv)
  A rime drake (IceCv)
  Maggie (D:6)
  A freezing wraith (D:14)
  3 kobold demonologists (D:12)
  2 hornets
  4 trolls
  11 polar bears (IceCv)
  11 slime creatures
  A vampire (D:12)
  A shadow (D:12)
  A wraith (D:12)
  2 wyverns (D:9)
  18 humans (D:13)
  27 yaks
  A steam dragon (D:6)
  14 vampire mosquitoes
  2 acid dragons
  4 orc warriors
  2 ice beasts (D:6)
  2 black bears
  19 wolves (IceCv)
  6 centaurs
  4 lemures (D:7)
  2 phantoms (D:5)
  6 kobold brigands
  2 scorpions
  9 wights
  5 killer bees (D:10)
  4 howler monkeys
  A bombardier beetle (D:4)
  Crazy Yiuf (D:3)
  A jelly (D:4)
  4 orc priests
  A gnoll bouda (D:9)
  3 iguanas
  A sleepcap (D:5)
  Natasha (thrice) (D:4)
  7 orc wizards
  8 gnolls
  8 adders
  A shadow imp (D:7)
  2 white imps
  4 ufetubi (D:7)
  2 ribbon worms (D:2)
  3 dart slugs
  27 orcs
  6 endoplasms
  4 giant cockroaches
  7 goblins
  14 hobgoblins
  6 quokkas
  4 ball pythons
  6 bats
  2 frilled lizards
  32 kobolds
  5 rats
371 creatures vanquished.

Vanquished Creatures (others)
  A wight (D:7)
1 creature vanquished.

Grand Total: 372 creatures vanquished

Notes
Turn   | Place    | Note
-------+----------+-------------------------------------------
     0 | D:1      | greenreed the Coglin Berserker began the quest for the Orb.
     0 | D:1      | Reached XP level 1. HP: 18/18 MP: 1/1
   158 | D:1      | Reached XP level 2. HP: 24/24 MP: 2/2
   168 | D:1      | Found a faded altar of an unknown god.
   631 | D:1      | Reached XP level 3. HP: 27/29 MP: 3/3
  1215 | D:2      | Reached ** piety under Trog
  1318 | D:2      | Reached XP level 4. HP: 37/37 MP: 4/4
  1706 | D:2      | Found a bloodstained altar of Trog.
  1951 | D:3      | Found a glowing golden altar of the Shining One.
  1966 | D:3      | Reached XP level 5. HP: 24/42 MP: 5/5
  2540 | D:3      | Found a runed translucent door.
  2541 | D:3      | Noticed Crazy Yiuf
  2552 | D:3      | Killed Crazy Yiuf
  2706 | D:3      | Reached *** piety under Trog
  2768 | D:3      | Reached XP level 6. HP: 43/49 MP: 6/6
  3064 | D:4      | Noticed Natasha
  3070 | D:4      | Killed Natasha
  3098 | D:4      | Noticed Natasha
  3106 | D:4      | Killed Natasha
  3107 | D:4      | Reached skill level 5 in Fighting
  3198 | D:4      | Noticed Natasha
  3205 | D:4      | Killed Natasha
  3206 | D:4      | Reached skill level 5 in Axes
  3206 | D:4      | Reached XP level 7. HP: 41/56 MP: 7/7
  3285 | D:4      | Found a runed translucent door.
  3285 | D:4      | Noticed Juicyj's ghost (novice MDMo)
  3525 | D:4      | Found a staircase to the Ecumenical Temple.
  3537 | Temple   | Entered the Ecumenical Temple
  3728 | D:5      | Entered Level 5 of the Dungeon
  4175 | D:5      | Reached XP level 8. HP: 61/64 MP: 8/8
  4627 | D:6      | Noticed Maggie
  4671 | D:6      | Killed Maggie
  4997 | D:6      | Reached **** piety under Trog
  5289 | D:6      | Reached XP level 9. HP: 72/72 MP: 9/9
  5675 | D:7      | Noticed Pikel
  5719 | D:7      | Killed Pikel
  6019 | D:7      | Found a radiant altar of Vehumet.
  6430 | D:7      | Found a shadowy altar of Dithmenos.
  6739 | D:8      | Found Uhal Qas's Antique Armour Boutique.
  6743 | D:8      | Bought a bloodstained chain mail for 256 gold pieces
  6743 | D:8      | Identified the +0 chain mail of the Iron Devil {Harm rElec
                  | Str+4 Int-4} (You bought it in a shop on level 8 of the
                  | Dungeon)
  6775 | D:8      | Found an ornate altar of the Wu Jian Council.
  6808 | D:8      | Reached skill level 5 in Dodging
  6988 | D:8      | Found a shimmering blue altar of Sif Muna.
  7069 | D:8      | Reached skill level 5 in Armour
  7285 | D:8      | Found a hide-covered altar of Uskayaw.
  7496 | D:8      | Noticed a hornet
  7503 | D:8      | Killed a hornet
  7504 | D:8      | Reached XP level 10. HP: 82/82 MP: 10/10
  7506 | D:8      | Found a sacrificial altar of Ru.
  8191 | D:9      | Noticed Erica
  8196 | D:9      | Killed Erica
  8364 | D:9      | Noticed Erolcha
  8374 | D:9      | Killed Erolcha
  8374 | D:9      | Reached ***** piety under Trog
  8626 | D:9      | Reached skill level 10 in Fighting
  8770 | D:9      | Reached skill level 10 in Axes
  8774 | D:9      | Reached XP level 11. HP: 89/90 MP: 11/11
  9055 | D:9      | Paralysed by a hornet for 3 turns
  9340 | D:10     | Entered Level 10 of the Dungeon
  9366 | D:10     | Found Foliuck's Weapon Shop.
  9828 | D:10     | Identified the +5 war axe "Sybew" {freeze, rF+}
 10177 | D:11     | Noticed a boulder beetle
 10187 | D:11     | Killed a boulder beetle
 10272 | D:11     | Noticed a boulder beetle
 10285 | D:11     | Killed a boulder beetle
 10351 | D:11     | Found a frozen archway.
 10361 | IceCv    | Entered an ice cave
 10571 | IceCv    | Noticed a death yak
 10587 | IceCv    | Killed a death yak
 10588 | IceCv    | Reached XP level 12. HP: 59/100 MP: 12/12
 10727 | IceCv    | Found the +4 skin of Zhor {*Englaciate rC+++ SInv}
 10949 | IceCv    | Noticed an ironbound frostheart
 10949 | IceCv    | Noticed a death yak
 10949 | IceCv    | Noticed a death yak
 10949 | IceCv    | Noticed an ironbound frostheart
 10955 | IceCv    | Killed a death yak
 10958 | IceCv    | Killed an ironbound frostheart
 10965 | IceCv    | Killed a death yak
 10972 | IceCv    | Killed an ironbound frostheart
 10975 | IceCv    | Received a gift from Trog
 11032 | IceCv    | Identified the ring of Woqiz {rF+ MP+9}
 11281 | IceCv    | Noticed a death yak
 11288 | IceCv    | Killed a death yak
 11888 | D:11     | Noticed a boulder beetle
 11901 | D:11     | Killed a boulder beetle
 12008 | D:11     | Noticed a centaur warrior
 12027 | D:11     | Killed a centaur warrior
 12181 | D:11     | Found a staircase to the Lair.
 12245 | D:12     | Reached XP level 13. HP: 109/109 MP: 13/13
 12245 | D:12     | Noticed Maurice
 12258 | D:12     | Killed Maurice
 13609 | D:12     | Found a staircase to the Orcish Mines.
 14068 | D:13     | Reached ****** piety under Trog
 14073 | D:13     | Received a gift from Trog
 14211 | D:13     | Found a gate to the Vaults.
 14211 | D:13     | Noticed a vault guard
 14211 | D:13     | Noticed a vault guard
 14211 | D:13     | Noticed a vault guard
 14231 | D:13     | Killed a vault guard
 14242 | D:13     | Killed a vault guard
 14248 | D:13     | Killed a vault guard
 14705 | D:13     | Reached XP level 14. HP: 60/120 MP: 14/14
 15061 | D:14     | Found Didozoc's Antique Armour Shop.
 15362 | D:14     | Gained mutation: You are covered in fur. (AC +1) [potion of
                  | mutation]
 15362 | D:14     | Gained mutation: You have supernaturally acute eyesight.
                  | (SInv) [potion of mutation]
 15362 | D:14     | HP: 5/121 [cyan ugly thing (8)]
 15362 | D:14     | Mangled by a cyan ugly thing

Illustrated notes

Levels and vault maps discovered:
D:1:      dpeg_chamrin_arrival_tetris, layout_basic,
          shapermc_ecumenical_altar_totnotflames
D:2:      wander_river, layout_loops_ring, basic_altar, fountainhead
D:3:      layout_loops_ring, mainiacjoe_overflow_tiny_flanked,
          uniq_crazy_yiuf_cottage
D:4:      layout_cave_pools, minmay_temple_entry_nine_rooms,
          ebering_ghost_reflecting_pool, uniq_natasha
D:5:      layout_rooms
D:6:      layout_basic, uniq_maggie
D:7:      layout_loops_corners, fiery_altar_vehumet, grunt_dithmenos_shadows,
          uniq_pikel
D:8:      layout_basic, kennysheep_mini, eat_drink_and_be_merry_uskayaw,
          mainiacjoe_overflow_big_doors, serial_shops, shop
D:9:      layout_grid_maze, chequers_serial_rivers_small_b, uniq_erica,
          uniq_erolcha
D:10:     layout_basic, serial_shops, nicolae_shop_bloodbath_and_beyond
D:11:     layout_basic, lair_entry_dummy, gauntlet_entry_generic,
          portal_ice_cave_entry_pillars_2
D:12:     layout_basic, orc_0_dummy, uniq_maurice
D:13:     layout_roguey, grunt_vaults_entry_tiered, st_stairs_7
D:14:     layout_long_grid, serial_bayou_pond_d, serial_shops, shop
Temple:   nicolae_temple_bog_church

Skill      XL: |  1  2  3  4  5  6  7  8  9 10 11 12 13 |
---------------+----------------------------------------+-----
Armour         | 2 3 4 5 6 7 8 9 |  9.3
Dodging        | 2 3 4 5 6 7 8 9 |  9.3
Fighting       | 4 5 6 7 8 10 11 12 14 | 14.5
Axes           | 4 5 7 8 10 11 12 14 | 14.5

Action                     |  1- 3 |  4- 6 |  7- 9 | 10-12 | 13-15 || total
---------------------------+-------+-------+-------+-------+-------++-------
  Melee: Hand axe          |    76 |    79 |       |       |       ||   155
         Dagger            |    49 |   110 |   180 |       |       ||   339
         War axe           |       |    38 |   254 |   408 |   230 ||   930
         Whip              |       |       |    63 |   387 |   224 ||   674
  Throw: Dart              |       |       |     1 |       |       ||     1
 Invoke: Berserk           |       |     1 |     1 |     1 |       ||     3
         Trog's Hand       |       |       |       |     2 |       ||     2
  Evoke: Wand              |       |       |     5 |     3 |     1 ||     9
    Use: Potion            |       |       |       |       |     1 ||     1
   Stab: Sleeping          |     1 |       |       |       |       ||     1
 Armour: Animal skin       |    11 |       |       |       |       ||    11
         Ring mail         |    33 |    66 |       |       |       ||    99
         Chain mail        |       |     5 |    78 |       |       ||    83
         Swamp dragon scal |       |       |    57 |       |       ||    57
         Plate armour      |       |       |    24 |   274 |       ||   298
         Crystal plate arm |       |       |       |    78 |   302 ||   380
  Dodge: Dodged            |    55 |    68 |   197 |   221 |    77 ||   618

Table legend: (Time is in decaauts)
 A = Elapsed time spent in this place.
 B = Non-inter-level travel time spent in this place.
 C = Inter-level travel time spent in this place.
 D = Time resting spent in this place.
 E = Time spent auto-exploring this place.
 F = Levels seen in this place.
 G = Mean time per level.
                   A        B        C        D        E       F      G
               +--------+--------+--------+--------+--------+-----+--------+
         Total |  15773 |  15107 |    666 |   1364 |  10808 |  16 |  985.8 |
       Dungeon |  14401 |  13735 |    666 |   1092 |  10037 |  14 | 1028.6 |
        Temple |      4 |      4 |      0 |      0 |      0 |   1 |    4.0 |
      Ice Cave |   1367 |   1367 |      0 |    271 |    771 |   1 | 1367.0 |
               +--------+--------+--------+--------+--------+-----+--------+

Top non-repeatable levels by time:
     D:9: 1844 daAuts
    D:12: 1430 daAuts
   IceCv: 1367 daAuts
    D:13: 1303 daAuts
     D:1: 1268 daAuts
     D:7: 1258 daAuts
     D:6: 1224 daAuts
     D:8: 901 daAuts
     D:3: 890 daAuts
     D:2: 879 daAuts
     D:4: 856 daAuts
    D:11: 806 daAuts
    D:10: 771 daAuts
     D:5: 550 daAuts
    D:14: 418 daAuts
